 Dungeon Crawl Stone Soup version 0.27.0-1-g7a089689b8 (webtiles) character file.

Game seed: 16315989291873739229

35 ZombieSheep the Slasher (level 3, 0/31 HPs)
             Began as a Gnoll Wanderer on Aug 6, 2021.
             Was a Follower of Zin.
             Killed by nerve-wracking pain
             ... invoked by an orc priest
              (5 damage)
             ... on level 2 of the Dungeon.
             The game lasted 00:02:04 (1163 turns).

ZombieSheep the Slasher (Gnoll Wanderer)            Turns: 1163, Time: 00:02:05

Health: 0/31       AC:  5    Str: 12    XL:     3   Next: 35%
Magic:  3/4        EV: 11    Int:  9    God:    Zin [*.....]
Gold:   20         SH:  0    Dex: 13    Spells: 3/3 levels left

rFire    . . .     SeeInvis .   a - +3 falchion
rCold    . . .     Faith    .   (no shield)
rNeg     . . .     Spirit   .   h - +0 ring mail
rPois    .         Reflect  .   (no helmet)
rElec    .         Harm     .   (no cloak)
rCorr    .         Rampage  .   (no gloves)
Will     .....                  (no boots)
Stlth    +.........             (no amulet)
HPRegen  0.10/turn              (no ring)
MPRegen  0.09/turn              (no ring)

@: no status effects
A: fangs 1, strong nose, distributed training
a: Renounce Religion, Recite, Donate Gold


You were on level 2 of the Dungeon.
You worshipped Zin.
Zin was aware of your devotion.
You visited 1 branch of the dungeon, and saw 2 of its levels.

You collected 22 gold pieces.
You donated 2 gold pieces to Zin.

Inventory:

Hand Weapons
 a - a +3 falchion (weapon)
 b - a +0 shortbow
Missiles
 c - 43 arrows
Armour
 e - a +0 robe
 h - a +0 ring mail (worn)
Scrolls
 g - 2 scrolls of teleportation
Potions
 d - a potion of curing
 f - a potion of might
 j - a potion of flight {unknown}


   Skills:
 + Level 4.5 Fighting
 + Level 0.7 Short Blades
 + Level 4.5 Long Blades
 + Level 2.6 Axes
 + Level 0.7 Maces & Flails
 + Level 0.7 Polearms
 + Level 0.7 Staves
 + Level 0.7 Slings
 + Level 0.7 Bows
 + Level 0.7 Crossbows
 + Level 2.6 Throwing
 + Level 2.6 Armour
 + Level 2.6 Dodging
 + Level 2.3 Stealth
 + Level 2.6 Shields
 + Level 0.7 Unarmed Combat
 + Level 0.7 Spellcasting
 + Level 0.5 Conjurations
 + Level 0.5 Hexes
 + Level 0.5 Summonings
 + Level 0.5 Necromancy
 + Level 0.5 Translocations
 + Level 0.5 Transmutations
 + Level 0.5 Fire Magic
 + Level 0.5 Ice Magic
 + Level 0.5 Air Magic
 + Level 0.5 Earth Magic
 + Level 0.5 Poison Magic
 + Level 0.9 Invocations
 + Level 0.7 Evocations


You had 3 spell levels left.
You didn't know any spells.
Your spell library was empty.

Dungeon Overview and Level Annotations

Branches:
Dungeon (2/15)

Altars:
Zin


Innate Abilities, Weirdness & Mutations

You have very sharp teeth.
Your uncanny sense of smell can sniff out nearby items.
Your experience applies equally to all skills.


Message History

The adder is almost dead.
You slash the adder!
You kill the adder!
You have reached level 3!
Your experience leads to an increase in your attributes!
Increase (S)trength, (I)ntelligence, or (D)exterity?
You feel stronger.
You slash the orc!
You kill the orc!
The orc shouts!
You slash the orc!
You kill the orc!
Things that are here:
a +0 falchion; a +0 hand axe; an adder corpse You start resting.
An orc is nearby!
The orc barely misses you.
You hit the orc but do no damage. The orc hits you but does no damage.
You closely miss the orc. Your bite misses the orc.
The orc hits you but does no damage.
You closely miss the orc. The orc barely misses you.
The orc priest mumbles some strange prayers to Beogh against you.
Beogh smites you!
Your ring mail prevents you from hitting the orc.
You hit the orc priest.
The orc priest is lightly wounded.
The orc hits you with a +0 club. The orc priest closely misses you.
You closely miss the orc priest.
The orc priest is lightly wounded.
The orc hits you with a +0 club.
* * * LOW HITPOINT WARNING * * *
The orc priest closely misses you.
You riposte.
You slash the orc priest!
The orc priest is heavily wounded.
The orc hits you with a +0 club.
* * * LOW HITPOINT WARNING * * *
You hit the orc priest.
The orc priest is severely wounded.
The orc priest mumbles some strange prayers to Beogh against you.
Pain shoots through your body!
You die...

..........o................#
#........##..o...#.......#.#
#.........#.####....##...#.#
#......#..#.#....#####..##.#
#......+....#.##.# #..# .#
#......##.#.#.##.# #..# .#
#......##.....##.# #..# .#
#......###..####)# #... .#
#......# #..# #@# .......#
#.>...oo# .......# #....##..
.......# #.... #### .......#
#.... #....# #


You could see an orc priest and an orc.

Vanquished Creatures
  An adder (D:2)
  A dart slug (D:1)
  2 orcs (D:2)
  3 bats (D:1)
  4 endoplasms
  A giant cockroach (D:1)
  2 hobgoblins (D:1)
  A kobold (D:1)
  3 ball pythons (D:1)
  2 frilled lizards (D:1)
20 creatures vanquished.

Notes
Turn   | Place    | Note
-------+----------+-------------------------------------------
     0 | D:1      | ZombieSheep the Gnoll Wanderer began the quest for the Orb.
     0 | D:1      | ZombieSheep set off with the following items: a +2
                  | falchion, a +0 shortbow, 22 arrows, a potion of curing, a
                  | +0 robe
     0 | D:1      | Reached XP level 1. HP: 20/20 MP: 1/1
   171 | D:1      | Reached XP level 2. HP: 6/26 MP: 2/2
   528 | D:1      | Found a faded altar of an unknown god.
   539 | D:1      | Became a worshipper of Zin the Law-Giver
   539 | D:1      | Reached * piety under Zin
  1151 | D:2      | Reached XP level 3. HP: 18/31 MP: 2/4
  1163 | D:2      | Killed from afar by an orc priest

Illustrated notes

Levels and vault maps discovered:
D:1:      dpeg_arrival_tiny_f, layout_loops_ring,
          hellmonk_ecumenical_altar_inner_sanctum
D:2:      layout_basic, kennysheep_generic_room_7, uniq_natasha

Action                   || total
-------------------------++-------
Melee: Falchion          ||    53
       Bite              ||     3
  Use: Scroll            ||     3
 Stab: Sleeping          ||     4
Armor: Robe              ||     7
       Ring mail         ||     5
Dodge: Dodged            ||    21
       Rpst.: Falchion   ||    10
